sneakhack, chaotic male elven Rogue ------- |.....| |.(_..| |.....| ----- ---|--- .----...-- |.| ---+-.. ....|.....---- |.| --...... ............%.---.-- |.......- .)...---.........@.----- |...{....| + --.... ------..........---|.| |-.......| ---.. |... |..|..| ...-.......-|.|---|...|....|------ ........|..--|..|..| .....---...|.--..|..---...-|.(.(| .............-|---+-----..---....|..........|-..%-..(.| ...{....----...............|..........---...|...-|.(((| ........-- |-|--.---------.....`...--.. ........|------ .........| |...|)|.(I(| --.......----- ...|....| ..------- |...|.-.(((| ---...--- .|... -----|..((| ----- --. ------ sneakhack the Rogue Experience level: 6 Strength: 14 Dexterity: 17 Constitution: 12 Intelligence: 11 Wisdom: 12 Charisma: 8 Health: 0(33) Energy: 35(35) Def: 11 Gold: 318 Moves: 3018 Dungeon seed: 2cTCdx6zepC4evoU Game ID: sneakhack_1462975698 Your Inventory: Coins $ - 318 gold pieces Weapons a - an uncursed +0 elven dagger named Biter (weapon in hand) b - 11 uncursed +0 elven daggers (in quiver) z - a blessed +0 dagger E - 3 uncursed +0 elven daggers Armor e - a blessed +1 elven shield (being worn) l - an uncursed +0 dwarvish mithril-coat (being worn) m - an uncursed +0 dwarvish iron helm (being worn) A - an uncursed +0 pair of iron shoes (being worn) X - a blessed +1 dwarvish cloak (being worn) Comestibles Z - 2 uncursed eggs Wands F - an uncursed wand of sleep (0:4) Tools g - an uncursed blindfold k - an uncursed skeleton key B - an uncursed bag of holding L - a blessed magic lamp (lit) N - an uncursed tooled horn Contents of the bag of holding: 17 uncursed +0 daggers an uncursed +0 pair of kicking boots an uncursed cherry 2 uncursed food rations 3 uncursed sprigs of wolfsbane a cursed magic lamp an uncursed +0 pick-axe an uncursed sack Spells and supernatural/magical abilities: Name Level Category Fail Memory W - pray for help -- divine ? -- Your skills at the end: Miscellaneous Skills wands [Basic] Weapon Skills dagger [Skilled] short sword [Basic] Spellcasting Skills Final Attributes: You were piously aligned. You were sleep resistant. You had infravision. You were stealthy. You are dead. Vanquished creatures: a giant beetle a gnome king a gold golem a blue jelly a pony a fog cloud a shrieker 6 gnome lords a gnomish wizard 6 dwarves a kobold lord 2 hill orcs a hobbit a gecko a hobgoblin 2 giant rats a yellow mold 20 gnomes 4 garter snakes 2 manes a gnome zombie 4 jackals a fox 4 newts 4 goblins 5 grid bugs 3 lichens 77 creatures vanquished. Voluntary challenges: You did not adorn yourself with jewelry or accessories. You had been an atheist until turn 2607. You used a wielded weapon 82 times, starting on turn 109. You did not apply a unicorn horn. You read items or engraved 2 times, starting on turn 3006. You never genocided any monsters. You never polymorphed an object. You never changed form. You used no wishes. You never split a pudding. You wrote Elbereth's name 2 times, starting on turn 3006. You never violated your personal moral code. Dungeon overview: The Dungeons of Doom: levels 1 to 4 Level 1 a fountain a long staircase Level 2 Level 3 (stash) stairs to The Gnomish Mines Level 4 The Gnomish Mines: levels 4 to 7 Level 4 stairs to The Dungeons of Doom Level 5 Level 7 <- You were here some shops, a temple to Kos, a magic chest, some fountains History has recorded: On T:1 you entered the Dungeons of Doom to retrieve the Amulet of Yendor! On T:301 you reached level 2 of The Dungeons of Doom. On T:379 you advanced to experience level 2. On T:815 you advanced to experience level 3. On T:1070 you reached level 3 of The Dungeons of Doom. On T:1151 you reached level 4 of The Dungeons of Doom. On T:1393 you reached level 1 of The Gnomish Mines. On T:1550 you advanced to experience level 4. On T:2008 you reached level 2 of The Gnomish Mines. On T:2019 you advanced to experience level 5. On T:2500 you reached level 4 of The Gnomish Mines. On T:2511 you advanced to experience level 6. On T:2597 you entered the Minetown temple On T:2649 you opened a magic chest. On T:2649 you opened a magic chest. On T:2652 you opened a magic chest. On T:2653 you opened a magic chest. On T:2716 you opened a magic chest. On T:2716 you opened a magic chest. On T:2720 you opened a magic chest. On T:2723 you opened a magic chest. On T:2731 you opened a magic chest. On T:2994 you opened a magic chest. On T:2996 you opened a magic chest. On T:2997 you opened a magic chest. Score breakdown: Gold: 318 ( 31 points) Experience: 6 levels ( 500 points) Exploration: 7 levels ( 180 points) Discoveries: 7 items ( 350 points) Variety of kills: 27 monsters ( 1350 points) Major goal: reached Minetown ( 500 points) Survival: died (score multiplied by 3) Total score: 8733 Latest messages: Ecch - that must have been poisonous! Your movements are slowed slightly because of your load. You die... The sack is empty. The sack is empty. Final status: Goodbye sneakhack the Rogue, killed by a poisonous corpse... You died in The Gnomish Mines on dungeon level 7 with 8733 points, and 318 pieces of gold, after 3018 moves. You were level 6 with a maximum of 33 hit points when you died.